Unix NetHack Version 3.7.0-97 Work-in-progress - last build Feb 8 2024 15:05:57 (6d6cdf8371b60126770a3d7b88910941cb14a054,branch:master). Game began 2024-02-16 14:09:51, ended 2024-02-16 23:07:53. nurdglaw, chaotic female human Rogue ----- |...| ------- |(... ...$...| ## #-...| | -----------##0###-.-|- |.........|# # # |.........|# ### |.........|# a ....(......#### # |....<....|############# |.........| # ----.-|--- ----------- |........| #a...a....| |`a@d)...| #o........| ---------- Nurdglaw the Cutpurse St:11 Dx:18 Co:14 In:13 Wi:9 Ch:11 Chaotic S:1295 Dlvl:5 $:0 HP:0(28) Pw:21(21) AC:6 Xp:5/240 T:2180 Burdened Latest messages: The little dog misses the killer bee. What do you want to write with? [- abfiorG or ?*] - Do you want to add to the current engraving? [ynq] (y) n You wipe out the message that was written in the dust here. You write in the dust with your fingertip. What do you want to write in the dust here? Elbereth The killer bee turns to flee. The killer bee turns to flee. The little dog misses the killer bee. The little dog misses the killer bee. The killer bee turns to flee. The killer bee turns to flee. The little dog misses the killer bee. The killer bee turns to flee. The little dog picks up an uncursed +0 dagger. The little dog misses the killer bee. The killer bee turns to flee. The little dog misses the killer bee. The killer bee turns to flee. The killer bee turns to flee. The little dog misses the killer bee. The little dog misses the killer bee. The little dog misses the killer bee. The orc shaman casts a spell! Are you waiting to get hit? Use 'm' prefix to force a no-op (to rest). Something is written here in the dust. You read: "?lbc?eth". You see no objects here. What do you want to write with? [- abfiorG or ?*] - Do you want to add to the current engraving? [ynq] (y) n You wipe out the message that was written in the dust here. You write in the dust with your fingertip. What do you want to write in the dust here? Elbereth The killer bee stings! The little dog misses the killer bee. Something is written here in the dust. You read: "ElbeHeth". You see no objects here. What do you want to write with? [- abfiorG or ?*] - Do you want to add to the current engraving? [ynq] (y) n You wipe out the message that was written in the dust here. You write in the dust with your fingertip. What do you want to write in the dust here? Elbereth The killer bee stings! You die... Do you want your possessions identified? [ynq] (y) y Do you want to see your attributes? [ynq] (y) y Do you want an account of creatures vanquished? [ynaq] (y) y Do you want to see your conduct and achievements? [ynq] (y) y Do you want to see the dungeon overview? [ynq] (y) y Inventory: Amulets q - an uncursed amulet of ESP (being worn) Weapons b - 6 uncursed +0 daggers (at the ready) f - 2 uncursed +0 daggers i - a blessed +0 orcish dagger o - an uncursed +0 orcish dagger (weapon in right hand) a - an uncursed +0 short sword (alternate weapon; not wielded) Armor j - an uncursed +0 orcish helm (being worn) n - an uncursed +0 orcish helm p - an uncursed +0 orcish helm c - an uncursed +1 leather armor (being worn) Comestibles x - an uncursed slime mold C - 2 uncursed food rations B - 2 uncursed tripe rations Spellbooks H - an uncursed spellbook of light Potions I - an uncursed potion of extra healing Rings G - an uncursed ring of see invisible named donned on turn 2010 (on left hand) Wands r - an uncursed wand of digging (0:7) Tools h - an uncursed sack containing 13 items A - an uncursed leash k - an uncursed lock pick u - a blessed oil lamp Contents of the sack: 125 gold pieces an uncursed scroll of fire named not cursed an uncursed scroll of identify a blessed scroll of remove curse an uncursed scroll of remove curse a blessed scroll of stinking cloud an uncursed scroll of taming an uncursed potion of booze named not cursed an uncursed potion of confusion an uncursed potion of sickness an uncursed aquamarine stone an uncursed worthless piece of black glass an uncursed worthless piece of green glass Nurdglaw the Rogue's attributes: Background: You were a Cutpurse, a level 5 female human Rogue. You were chaotic, nominally on a mission for Kos who was opposed by Issek (lawful) and Mog (neutral). You were right-handed. You were in the Dungeons of Doom, on level 5. You entered the dungeon 2180 turns ago. It was nighttime. You had 240 experience points, 80 more were needed to attain level 6. Your score was 1295 before end-of-game adjustments. Basics: You had 0 out of 28 hit points. You had all 21 energy points (spell power). Your armor class was 6. Your wallet was empty, but you had 125 zorkmids stashed away in your pack. Autopickup was on for '$' plus thrown. Final Characteristics: Your strength was 11 (limit:18/100). Your dexterity was 18 (limit:18). Your constitution was 14 (limit:18). Your intelligence was 13 (limit:18). Your wisdom was 9 (limit:18). Your charisma was 11 (limit:18). Final Status: You weren't hungry. You were burdened; movement was slightly slowed. You were wielding a dagger. You were skilled in dagger. Final Attributes: You were piously aligned. You saw invisible. You were telepathic. You were stealthy. You were warded. You are dead. Miscellaneous: You never encountered a bones level. Total elapsed playing time was 1 hour and 54 seconds. Major events: Turn 1: nurdglaw the chaotic female human Rogue entered the dungeon 905: entered the Gnomish Mines 918: attained the rank of Cutpurse (level 3) 2180: killed by a killer bee Vanquished creatures: a small mimic a leprechaun a rock piercer a rock mole a little dog a hill orc 2 giant bats an iguana 2 killer bees an acid blob a hobbit a large kobold a hobgoblin 4 cave spiders 2 red molds 3 garter snakes a gnome zombie 3 geckos 2 jackals a fox a kobold 4 goblins 3 grid bugs a bat 2 lichens a kobold zombie 2 newts 45 creatures vanquished. No species were genocided or became extinct. Voluntary challenges: You were an atheist. You read items or engraved 11 times. You engraved Elbereth 8 times. You never genocided any monsters. You never polymorphed an object. You never changed form. You used no wishes. Achievements: You entered the Gnomish Mines. You attained the rank of Cutpurse. You entered a shop. The Dungeons of Doom: levels 1 to 5 Level 1: "vault 831" A fountain. Level 2: A fountain. Level 3: "vault" A delicatessen. Stairs down to The Gnomish Mines. Level 4: A general store. Level 5: <- You were here. Final resting place for you, killed by a killer bee. The Gnomish Mines: Level 4: Game over: ---------- / \ / REST \ / IN \ / PEACE \ / \ | nurdglaw | | 125 Au | | killed by a | | killer bee | | | | | | 2024 | *| * * * | * _________)/\\_//(\/(/\)/\//\/|_)_______ Goodbye nurdglaw the Rogue... You died in The Dungeons of Doom on dungeon level 5 with 1283 points, and 125 pieces of gold, after 2180 moves. You were level 5 with a maximum of 28 hit points when you died.